 Dungeon Crawl Stone Soup version 0.17-a0-1976-g482a304 (webtiles) character file.

3419 Ordine the Stickfighter (level 9, -4/68 HPs)
             Began as a Minotaur Gladiator on Oct 5, 2015.
             Was a Follower of Okawaru.
             Shot with a bolt by an orc warrior (19 damage)
             ... in a bailey.
             The game lasted 00:23:13 (5107 turns).

Ordine the Stickfighter (Minotaur Gladiator)        Turns: 5107, Time: 00:23:13

Health: -4/68      AC: 16    Str: 20    XL:     9   Next: 76%
Magic:  8/8        EV: 13    Int:  5    God:    Okawaru [*.....]
Gold:   104        SH:  0    Dex: 20    Spells: 0 memorised, 8 levels left

rFire  . . .     SeeInvis .     a - +0 quarterstaff
rCold  . . .     Clarity  .     s - +0 chain mail
rNeg   . . .     SustAt   .     (no shield)
rPois  .         Gourm    .     c - +1 hat
rElec  .         Spirit   .     m - +2 cloak
rCorr  .         Warding  .     j - +2 pair of gloves
rMut   .         Stasis   .     q - +0 pair of boots
MR     .....                    (no amulet)
Stlth  ..........               b - +4 ring of evasion
                                g - +6 ring of dexterity

@: not resistant to hostile enchantments, extremely unstealthy
A: retaliatory headbutt, horns 2
a: Heroism, Renounce Religion


You were in a bailey.
You worshipped Okawaru.
Okawaru was aware of your devotion.
You were hungry.

You visited 2 branches of the dungeon, and saw 8 of its levels.
You also visited: Bailey.

You collected 334 gold pieces.
You spent 230 gold pieces at shops.

Inventory:

Hand Weapons
 a - a +0 quarterstaff (weapon)
Missiles
 D - a throwing net (quivered)
Armour
 c - a +1 hat (worn)
 j - a +2 pair of gloves (worn)
 m - a +2 cloak (worn)
 q - a +0 pair of boots (worn)
 s - a +0 chain mail (worn)
Magical Staves
 p - an uncursed staff of power
Jewellery
 b - a +4 ring of evasion (right hand)
 g - a +6 ring of dexterity (left hand)
 i - an uncursed ring of protection from cold
 k - an uncursed ring of sustain attributes
 B - an uncursed ring of wizardry
Scrolls
 n - a scroll of amnesia
 r - 2 scrolls of teleportation
 v - a scroll of enchant armour
 x - 2 scrolls of blinking
 E - a scroll of immolation
Potions
 d - a potion of agility {unknown}
 f - 3 potions of curing
 l - a potion of brilliance
 o - a potion of cancellation
 u - a potion of berserk rage
 z - 3 potions of haste {unknown}
 C - a potion of flight {unknown}
 F - a potion of degeneration {unknown}
Comestibles
 e - 3 bread rations
 h - 3 meat rations
 t - a beef jerky
 A - a slice of pizza


   Skills:
 - Level 2.4 Fighting
 + Level 15.9 Staves
 - Level 2.0 Throwing
 - Level 3.2 Dodging


You had 8 spell levels left.
You didn't know any spells.

Dungeon Overview and Level Annotations

Branches:
Dungeon (7/15)             Temple (1/1) D:6

Altars:
Ashenzari
Cheibriados
Fedhas
Gozag
Kikubaaqudgha
Makhleb
Nemelex Xobeh
Okawaru
Qazlal
Ru
Vehumet
Xom
Yredelemnul
Zin
The Shining One

Shops:
D:6 ([*


Innate Abilities, Weirdness & Mutations

You reflexively headbutt those who attack you in melee.
You have a pair of horns on your head.


Message History

The orc unwields an uncursed arbalest.
The orc misses you.
You hit the orc.
You kill the orc!
Okawaru accepts your kill.
No target in view!
No target in view!
You start resting.
You are feeling hungry.
You start resting.
An orc warrior comes into view. It is wielding an arbalest.
An orc warrior is nearby!
The orc warrior shouts!
The orc warrior shoots a bolt.
The bolt hits you!
* * * LOW HITPOINT WARNING * * *
You see here a bolt.
The orc warrior shoots a bolt.
The bolt hits you.
* * * LOW HITPOINT WARNING * * *
You see here a bolt.
The orc warrior shoots a bolt.
The bolt hits you!!
You die...

,,................(......).......
,,...............................
,,...............................
,≈≈≈≈≈.................≈≈≈≈≈.....
≈≈#o#≈≈...........(...≈≈#.#≈≈....
≈**,*#≈...............≈##.##≈....
≈,,,,,≈,,........)(...≈..^.,≈...,
≈**,**≈,,...o.....(...≈##.##≈...,
≈≈*,*≈≈,,,,..###@.....≈≈#,*≈≈,,,,
,≈≈≈≈≈,,,,*##**####....≈≈≈≈≈,,,,,
,,,,,,,,,**,,,,,,,*#......,,,,,,,
,,,,,,,,**,,*+*+*,,*#.....,,,,,,,
,,,,,,,,*,,**,*,**,,*.....,,,,,,,
,,,,,,,**,*********,*#....,,,,,,,
,,,,,,,**,+,*,,,*,+,**....,,,,,,,
,,,,,,,**,***,8,***,**,...,,,,,,,
,,,,,,,**,+,*,,,*,+,**,,,,,,,,,,,


You could see an orc warrior.

Vanquished Creatures
  The ghost of Markus the Spear-Bearer, a novice MiGl of Nemelex Xobeh (Bailey)
  Pikel (D:7)
  Sigmund (D:3)
  2 orc warriors
  2 ogres
  2 black bears
  2 phantoms (D:5)
  2 ice beasts (D:6)
  A giant frog (D:7)
  A water moccasin zombie (D:6)
  3 wights (D:7)
  A scorpion (D:5)
  6 crimson imps
  4 orc priests
  A centaur skeleton (D:6)
  3 hounds
  A quasit (D:6)
  4 orc wizards
  An iguana (D:5)
  5 worker ants
  2 hound skeletons
  A worker ant zombie (D:5)
  11 adders
  A river rat (D:4)
  2 oozes
  6 worms
  18 orcs
  3 ball pythons
  4 hobgoblins
  5 jackals
  3 quokkas
  10 bats
  6 giant cockroaches
  6 giant geckos
  7 giant newts
  6 goblins
  10 kobolds
  2 quokka zombies (D:6)
  8 rats
155 creatures vanquished.

Vanquished Creatures (others)
  A slave (D:7)
1 creature vanquished.

Grand Total: 156 creatures vanquished

Notes
Turn   | Place    | Note
--------------------------------------------------------------
     0 | D:1      | Ordine the Minotaur Gladiator began the quest for the Orb.
     0 | D:1      | Reached XP level 1. HP: 18/18 MP: 0/0
    33 | D:1      | Reached skill level 4 in Staves
   123 | D:1      | Reached XP level 2. HP: 20/25 MP: 1/1
   546 | D:2      | Reached skill level 5 in Staves
   546 | D:2      | Reached XP level 3. HP: 27/30 MP: 2/2
   692 | D:2      | Found a blossoming altar of Fedhas.
   777 | D:2      | Reached XP level 4. HP: 37/37 MP: 3/3
   806 | D:2      | Reached skill level 6 in Staves
  1011 | D:3      | Noticed Sigmund
  1024 | D:3      | Killed Sigmund
  1024 | D:3      | Reached skill level 8 in Staves
  1024 | D:3      | Reached XP level 5. HP: 34/42 MP: 4/4
  1190 | D:3      | Found a glowing golden altar of the Shining One.
  1195 | D:3      | Found a basalt altar of Yredelemnul.
  1197 | D:3      | Noticed a profane servitor
  1402 | D:3      | Reached XP level 6. HP: 50/50 MP: 5/5
  1422 | D:3      | Noticed an angel
  1837 | D:4      | Reached skill level 9 in Staves
  2033 | D:4      | Reached XP level 7. HP: 56/56 MP: 6/6
  2149 | D:4      | Got an ichor-stained robe
  2162 | D:4      | Identified the cursed +0 robe of the Volcano {rElec Int+2 Dex+4 Stlth-} (You found it on level 4 of the Dungeon)
  2661 | D:5      | Entered Level 5 of the Dungeon
  2728 | D:5      | Found a glowing silver altar of Zin.
  2732 | D:5      | Reached skill level 10 in Staves
  2840 | D:5      | Found a stormy altar of Qazlal.
  3126 | D:5      | Reached skill level 11 in Staves
  3171 | D:5      | Found an opulent altar of Gozag.
  3269 | D:5      | Reached XP level 8. HP: 57/62 MP: 7/7
  3291 | D:6      | Found Zycs's Assorted Antiques.
  3295 | D:6      | Found Usabon's Gadget Shoppe.
  3307 | D:6      | Bought a scroll of identify for 46 gold pieces
  3307 | D:6      | Bought a glowing silver ring for 115 gold pieces
  3325 | D:6      | Reached skill level 12 in Staves
  3445 | D:6      | Found Naweox's Armour Shoppe.
  3520 | D:6      | Found Uloim's Weapon Shoppe.
  3878 | D:6      | Reached skill level 13 in Staves
  4152 | D:6      | Found a staircase to the Ecumenical Temple.
  4166 | Temple   | Entered the Ecumenical Temple
  4203 | Temple   | Became a worshipper of Warmaster Okawaru
  4315 | D:6      | Found a burning altar of Makhleb.
  4316 | D:6      | Found a shimmering altar of Xom.
  4366 | D:6      | Bought a scroll of remove curse for 69 gold pieces
  4429 | D:7      | Reached XP level 9. HP: 26/68 MP: 8/8
  4560 | D:7      | Noticed Pikel
  4568 | D:7      | Killed Pikel
  4568 | D:7      | Acquired Okawaru's first power
  4568 | D:7      | Reached skill level 14 in Staves
  4619 | D:7      | Found a sacrificial altar of Ru.
  4759 | D:7      | Found a flagged portal.
  4910 | D:7      | Reached skill level 15 in Staves
  4921 | Bailey   | Entered a bailey
  4932 | Bailey   | Noticed Markus's ghost (novice MiGl)
  4966 | Bailey   | Killed Markus's ghost
  5107 | Bailey   | Shot with a bolt by an orc warrior

Vault maps used:
D:1:      ncdulo_wetmaze
D:2:      old_standard_altar
D:3:      grunt_temple_overflow_holy_war, uniq_sigmund
D:4:      kennysheep_big_flooded_room, gup_sewer_entry_bubbles
D:5:      nicolae_qazlal_general_emergency, kennysheep_little_box,
          lemuel_crystal_altar, first_bread, kennysheep_small_circle
D:6:      grunt_temple_overflow_champion_of_chaos,
          minmay_temple_entry_glassed_door, serial_shops, shop,
          nicolae_shop_stone, nicolae_shop_stone, nicolae_shop_statue_plus,
          hangedman_abyss_or_decor_stagger
D:7:      nicolae_overflow_hidden_temple, lemuel_blue_sif_altar, enter_bailey_8,
          uniq_pikel
Temple:   circular_temple_6
Bailey:   bailey_polearm_2, bailey

Action                   |  1- 3 |  4- 6 |  7- 9 || total
-------------------------+-------+-------+-------++-------
Melee: Quarterstaff      |    74 |    70 |   310 ||   454
Throw: Throwing net      |       |     2 |     2 ||     4
  Use: Scroll            |     4 |     4 |    12 ||    20
       Potion            |       |       |     3 ||     3
 Stab: Sleeping          |     2 |     1 |       ||     3
  Eat: Chunk             |       |     3 |    10 ||    13
       Beef jerky        |       |       |     1 ||     1
